 Dungeon Crawl Stone Soup version 0.20.1-1-g8b1a95d (webtiles) character file.

6668 KoningWillie the Carver (level 10, -8/91 HPs)
             Began as a Minotaur Fighter on Sept 24, 2017.
             Mangled by a two-headed ogre
             ... wielding a +0 giant club
              (12 damage)
             ... on level 13 of the Dungeon.
             The game lasted 00:25:47 (10925 turns).

KoningWillie the Carver (Minotaur Fighter)         Turns: 10925, Time: 00:25:47

Health: -8/91      AC: 14    Str: 24    XL:     10   Next: 73%
Magic:  9/9        EV: 10    Int:  8    God:
Gold:   114        SH:  9    Dex: 10    Spells: 9/9 levels left

rFire    + . .     SeeInvis .   a - +1 long sword (slice)
rCold    . . .     Gourm    +   c - +0 shield
rNeg     . . .     Faith    .   b - +1 scale mail
rPois    .         Spirit   .   (helmet restricted)
rElec    .         Reflect  .   (no cloak)
rCorr    .         Harm     .   u - -1 pair of gloves of the Snake Pit {rF+ Int+3}
MR       .....                  (no boots)
Stlth    ..........             t - amulet of the gourmand
Regen    0.3/turn               y - +4 ring of protection
MPRegen  0.2/turn               (no ring)

@: no status effects
A: retaliatory headbutt, horns 2
a: no special abilities


You were on level 13 of the Dungeon.
You were full.

You visited 1 branch of the dungeon, and saw 15 of its levels.

You collected 389 gold pieces.
You spent 275 gold pieces at shops.

Inventory:

Hand Weapons
 a - a +1 long sword of slicing (weapon)
Armour
 b - a +1 scale mail (worn)
 c - a +0 shield (worn)
 u - the -1 pair of gloves of the Snake Pit (worn) {rF+ Int+3}
   (You found it on level 7 of the Dungeon)

   It affects your intelligence (+3).
   It protects you from fire.
 D - a +0 troll leather armour
Jewellery
 k - an uncursed ring of wizardry
 t - an amulet of the gourmand (around neck)
 v - an uncursed ring of fire
 y - a +4 ring of protection (left hand)
 C - a cursed ring of loudness {unknown}
 F - an uncursed ring of protection from cold {unknown}
 M - an uncursed ring of protection from magic {unknown}
Wands
 h - a wand of confusion (27/48)
 r - a wand of confusion (17/48)
 G - a wand of paralysis (0/24)
Scrolls
 g - a scroll of torment {unknown}
 p - 4 scrolls of amnesia
 q - a scroll of recharging
 s - a scroll of magic mapping
 I - a scroll of remove curse
 J - 2 scrolls of identify
 L - 3 scrolls of noise {unknown}
Potions
 d - 2 potions of might
 i - 3 potions of lignification
 l - 3 potions of curing {unknown}
 m - a potion of invisibility
 n - 2 potions of agility
 o - a potion of heal wounds {unknown}
 x - a potion of resistance {unknown}
 z - a potion of brilliance {unknown}
 A - a potion of cancellation {unknown}
 B - a potion of magic {unknown}
 E - a potion of haste {unknown}
 K - a potion of mutation {unknown}
Books
 e - a book of Power

   Spells                             Type                      Level
   a - Iskenderun's Battlesphere      Conjuration/Charms           5
   b - Venom Bolt                     Conjuration/Poison           5
   c - Bolt of Magma                  Conjuration/Fire/Earth       5
   d - Iron Shot                      Conjuration/Earth            6
   e - Orb of Destruction             Conjuration                  7
   f - Spellforged Servitor           Conjuration/Summoning        7
Comestibles
 f - 10 bread rations
 j - 6 royal jellies
 w - 4 meat rations
 H - 7 fruits


   Skills:
 + Level 9.4 Fighting
 + Level 12.7 Long Blades
 + Level 10.2 Armour
 + Level 6.3 Dodging
 - Level 0.1 Stealth
 - Level 3.6 Shields
 + Level 0.3 Evocations


You had 9 spell levels left.
You didn't know any spells.

Dungeon Overview and Level Annotations

Branches:
Dungeon (15/15)            Temple (0/1) D:4          Depths (0/5) D:15
   Lair: D:8-11         Orc: D:9-12      Vaults: D:13-14

Altars:
Dithmenos
Qazlal

Shops:
D:8 %*:(}

Annotations:
D:5 Sigmund
D:6 Grinder
D:9 Psyche
D:14 Urug
D:15 Agnes


Innate Abilities, Weirdness & Mutations

You reflexively headbutt those who attack you in melee.
You have a pair of horns on your head.


Message History

* * * LOW HITPOINT WARNING * * *
You see here an arrow.
The centaur shoots an arrow.
The arrow closely misses you.
The two-headed ogre hits you with a giant club!!
* * * LOW HITPOINT WARNING * * *
The two-headed ogre barely misses you.
The centaur shoots an arrow.
You block the arrow.
You see here an arrow.
The centaur shoots an arrow.
You block the arrow.
You see here an arrow.
The centaur unwields an uncursed shortbow.
You block the centaur's attack.
You hit the centaur. You headbutt the centaur.
The centaur is moderately wounded.
The centaur hits you but does no damage.
You block the centaur's attack.
You closely miss the centaur.
The centaur is moderately wounded.
The two-headed ogre hits you with a giant club!
You die...

...##[.# .o.#.##
##########
#.#...
#........#
#.u.##
#........#
#..##c#
#(.......# #.
#... #..(.....#
# ###.
#...(....# #
#>...O@c.#
#.............
..............##
#.......######.#
#.......# #
#.......#
####.....
#####..


You could see a two-headed ogre and a centaur.

Vanquished Creatures
  A deep elf mage (D:15)
  A centaur zombie (D:10)
  3 trolls
  2 hippogriffs
  A meliai zombie (D:14)
  A yak (D:14)
  4 hogs (D:7)
  A human (D:7)
  Menkaure (D:7)
  3 orc warriors
  2 ice beasts
  2 phantoms
  A black bear (D:10)
  A sky beast (D:12)
  A centaur (D:6)
  The ghost of letownia the Insei, an amateur OpTm (D:4)
  A gnoll sergeant (D:9)
  5 bullfrogs
  2 scorpions
  A water moccasin skeleton (D:5)
  5 killer bees (D:12)
  7 wights
  2 howler monkeys (D:10)
  8 crimson imps
  A bullfrog zombie (D:12)
  4 hounds
  2 orc priests
  2 jellies
  5 orc wizards
  4 bullfrog skeletons
  Jessica (D:2)
  2 centaur skeletons
  An iguana (D:6)
  Natasha (thrice) (D:2)
  11 worker ants
  8 adders
  3 gnolls (D:9)
  A howler monkey skeleton (D:8)
  A shadow imp (D:12)
  An ooze (D:4)
  2 adder skeletons
  2 worms (D:2)
  3 dart slugs (D:1)
  4 leopard geckos
  33 orcs
  3 giant cockroaches (D:3)
  A goblin (D:2)
  3 hobgoblins
  10 jackals
  6 kobolds
  A quokka (D:7)
  3 ball pythons
  A ball python zombie (D:6)
  4 bats
  A frilled lizard (D:3)
  A quokka skeleton (D:4)
  7 rats
192 creatures vanquished.

Vanquished Creatures (others)
  2 water elementals (D:14)
2 creatures vanquished.

Grand Total: 194 creatures vanquished

Notes
Turn   | Place    | Note
-------+----------+-------------------------------------------
     0 | D:1      | KoningWillie the Minotaur Fighter began the quest for the Orb.
     0 | D:1      | Reached XP level 1. HP: 19/19 MP: 0/0
   180 | D:1      | Reached XP level 2. HP: 25/27 MP: 1/1
   448 | D:1      | Reached skill level 1 in Dodging
   542 | D:2      | Noticed Natasha
   546 | D:2      | Killed Natasha
   546 | D:2      | Reached skill level 3 in Long Blades
   546 | D:2      | Reached XP level 3. HP: 33/33 MP: 2/2
   843 | D:2      | Noticed Jessica
   847 | D:2      | Killed Jessica
   847 | D:2      | Reached XP level 4. HP: 40/40 MP: 3/3
  1050 | D:2      | Noticed Natasha
  1060 | D:2      | Killed Natasha
  1152 | D:2      | Noticed Natasha
  1161 | D:2      | Killed Natasha
  1161 | D:2      | Reached XP level 5. HP: 18/47 MP: 4/4
  1637 | D:2      | Reached skill level 4 in Long Blades
  2065 | D:3      | Found a faded altar of an unknown god.
  2364 | D:3      | Found a shadowy altar of Dithmenos.
  2794 | D:4      | Reached skill level 5 in Armour
  3124 | D:4      | Reached XP level 6. HP: 39/53 MP: 5/5
  3558 | D:4      | Reached skill level 5 in Long Blades
  3628 | D:4      | Noticed letownia's ghost (amateur OpTm)
  3639 | D:4      | Killed letownia's ghost
  3639 | D:4      | Reached skill level 5 in Fighting
  3796 | D:4      | Found a staircase to the Ecumenical Temple.
  3860 | D:4      | Reached XP level 7. HP: 57/61 MP: 6/6
  4235 | D:5      | Entered Level 5 of the Dungeon
  4242 | D:5      | Reached skill level 6 in Long Blades
  4320 | D:5      | Noticed Sigmund
  4450 | D:5      | Reached skill level 7 in Long Blades
  4889 | D:6      | Noticed Grinder
  4889 | D:6      | Paralysed by Grinder for 2 turns
  4973 | D:6      | Paralysed by Grinder for 7 turns
  4983 | D:6      | Paralysed by Grinder for 4 turns
  5298 | D:6      | Reached XP level 8. HP: 59/70 MP: 7/7
  5308 | D:7      | Noticed Menkaure
  5620 | D:7      | Killed Menkaure
  5856 | D:7      | Got a pair of spiked gloves
  5862 | D:7      | Identified the cursed -1 pair of gloves of the Snake Pit {rF+ Int+3} (You found it on level 7 of the Dungeon)
  6124 | D:7      | Noticed a hippogriff
  6129 | D:7      | Killed a hippogriff
  6129 | D:7      | Reached skill level 8 in Long Blades
  6214 | D:7      | Reached skill level 9 in Long Blades
  6230 | D:7      | Reached skill level 5 in Dodging
  6230 | D:7      | Reached XP level 9. HP: 47/78 MP: 8/8
  7217 | D:8      | Found Huun's Food Shop.
  7225 | D:8      | Bought a meat ration for 55 gold pieces
  7225 | D:8      | Bought a bread ration for 55 gold pieces
  7225 | D:8      | Bought a bread ration for 55 gold pieces
  7225 | D:8      | Bought a bread ration for 55 gold pieces
  7225 | D:8      | Bought a bread ration for 55 gold pieces
  7432 | D:8      | Found Ovinuq's Book Shop.
  7583 | D:8      | Found Kowoe's General Store.
  7663 | D:8      | Found Jexzoedi's Gadget Shoppe.
  7806 | D:8      | Found Uwnog's Weapon Boutique.
  8168 | D:9      | Reached skill level 10 in Long Blades
  8442 | D:9      | Noticed Psyche
  8588 | D:10     | Entered Level 10 of the Dungeon
  8643 | D:10     | Found a stormy altar of Qazlal.
  8669 | D:10     | Noticed a troll
  8678 | D:10     | Killed a troll
  8678 | D:10     | Reached skill level 11 in Long Blades
  8693 | D:10     | Noticed a troll
  8720 | D:10     | Reached XP level 10. HP: 88/88 MP: 9/9
  9137 | D:10     | Noticed a two-headed ogre
  9163 | D:11     | Noticed a two-headed ogre
  9395 | D:12     | Reached skill level 12 in Long Blades
  9429 | D:12     | Reached skill level 10 in Armour
  9724 | D:12     | Noticed a cyclops
  9835 | D:12     | Noticed a brown ugly thing
  9855 | D:13     | Noticed an entropy weaver
  9858 | D:13     | Noticed a queen ant
  9860 | D:13     | Noticed a two-headed ogre
 10239 | D:15     | Entered Level 15 of the Dungeon
 10241 | D:15     | Noticed a deep elf mage
 10259 | D:15     | Killed a deep elf mage
 10464 | D:15     | Noticed Agnes
 10874 | D:14     | Noticed a manticore
 10880 | D:15     | Found a staircase to the Depths.
 10880 | D:15     | Noticed a fire giant
 10880 | D:15     | Noticed Urug
 10921 | D:13     | HP: 3/91 [two-headed ogre/giant club (18)]
 10925 | D:13     | Mangled by a two-headed ogre

Skill      XL: |  1  2  3  4  5  6  7  8  9 10 |
---------------+-------------------------------+-----
Dodging        | 1 2 3 4 5 6 |  6.3
Armour         | 4 5 6 8 9 10 | 10.2
Fighting       | 4 5 6 8 9 |  9.4
Long Blades    | 3 4 5 7 9 11 12 | 12.7
Stealth        | |  0.1
Shields        | |  3.6
Evocations     | |  0.3

Action                   |  1- 3 |  4- 6 |  7- 9 | 10-12 || total
-------------------------+-------+-------+-------+-------++-------
Melee: Long sword        |    49 |   151 |   303 |   144 ||   647
       Headbutt          |    11 |    25 |    69 |    35 ||   140
Evoke: Wand              |       |       |     2 |     1 ||     3
  Use: Scroll            |     1 |     6 |    11 |     5 ||    23
       Potion            |       |     1 |     1 |       ||     2
 Stab: Paralysed         |       |       |     4 |       ||     4
  Eat: Meat ration       |       |     1 |     2 |       ||     3
       Bread ration      |       |     1 |     2 |     2 ||     5
Armor: Scale mail        |    27 |    39 |   121 |    67 ||   254
Dodge: Dodged            |    15 |    52 |    97 |    69 ||   233
Block: Shield            |    26 |    68 |   115 |    93 ||   302
       Rpst.: Long sword |     5 |    21 |    17 |    19 ||    62
